 Dungeon Crawl Stone Soup version 0.22-b1-21-g5cfc168 (webtiles) character file.

6191 tyranidshit the Fighter (level 10, 0/88 HPs)
             Began as a Demonspawn Abyssal Knight on Aug 4, 2018.
             Was a High Priest of Lugonu.
             Slain by an orc warrior
             ... wielding a +0 halberd
              (8 damage)
             ... on level 9 of the Dungeon.
             The game lasted 00:23:10 (7438 turns).

tyranidshit the Fighter (Demonspawn Abyssal Knight) Turns: 7438, Time: 00:23:11

Health: 0/88       AC: 14    Str: 11    XL:     10   Next: 60%
Magic:  0/15       EV:  3    Int: 13    God:    Lugonu [*****.]
Gold:   351        SH:  0    Dex: 16    Spells: 9/9 levels left

rFire    . . .     SeeInvis +   a - +2 hand axe
rCold    + . .     Gourm    .   (no shield)
rNeg     . . .     Faith    .   v - +0 plate armour
rPois    +         Spirit   +   (helmet restricted)
rElec    .         Reflect  .   (no cloak)
rCorr    .         Harm     .   q - +0 pair of gloves
MR       .....                  (no boots)
Stlth    ..........             h - amulet of guardian spirit
HPRegen  0.24/turn              n - ring of protection from cold
MPRegen  0.14/turn              f - ring "Atyhec" {rPois Str-4 Dex+2 Slay+3 SInv}

@: no status effects
A: beak, hooves 1, rugged brown scales 1, low mp 1, nightstalker 2, spiny 3
a: Depart the Abyss, Bend Space, Banish, Corrupt, Enter the Abyss, Renounce
Religion


You were on level 9 of the Dungeon.
You worshipped Lugonu.
Lugonu was extremely pleased with you.
You were not hungry.

You visited 1 branch of the dungeon, and saw 9 of its levels.
You visited the Abyss 1 time.
You also visited: Sewer.

You collected 351 gold pieces.

Inventory:

Hand Weapons
 a - a +2 hand axe (weapon)
Armour
 q - a +0 pair of gloves (worn)
 u - the +2 robe of Brilliance {rElec rF+}
   (You found it on level 7 of the Dungeon)

   It protects you from fire.
   It insulates you from electricity.
 v - a +0 plate armour (worn)
Jewellery
 f - the ring "Atyhec" (right hand) {rPois Str-4 Dex+2 Slay+3 SInv}
   (You found it on level 3 of the Dungeon)

   [ring of see invisible]

   It affects your strength (-4).
   It affects your dexterity (+2).
   It affects your accuracy and damage with ranged weapons and melee attacks
   (+3).
   It protects you from poison.
   It lets you see invisible.
 h - an amulet of guardian spirit (around neck)
 n - a ring of protection from cold (left hand)
Wands
 j - a wand of disintegration (1)
 k - a wand of iceblast (2)
 p - a wand of scattershot (2)
 s - a wand of clouds (4)
 w - a wand of acid (13)
Scrolls
 d - 5 scrolls of remove curse
 e - a scroll of blinking
 g - 2 scrolls of identify
 r - 3 scrolls of teleportation
 t - 3 scrolls of enchant weapon
Potions
 b - 2 potions of haste
 i - 2 potions of lignification
 l - 2 potions of flight
Miscellaneous
 o - a phial of floods
Comestibles
 c - 6 rations
 m - 3 chunks of flesh


   Skills:
 - Level 10.6 Fighting
 + Level 2.7 Axes
 - Level 5.7 Armour
 - Level 0.8 Dodging
 - Level 10.1 Invocations
 - Level 7.4 Evocations


You had 9 spell levels left.
You didn't know any spells.
Your spell library contained the following spells:

 Spells                   Type           Power        Failure   Level  Hunger
 Magic Dart               Conj           #...         100%        1    ##.....
 Iskenderun's Mystic Bla  Conj           #.......     100%        4    #####..
 Fulminant Prism          Conj/Hex       #.........   100%        4    #####..
 Dazzling Spray           Conj/Hex       #.....       100%        3    ####...
 Force Lance              Conj/Tloc      #.......     100%        4    #####..
 Searing Ray              Conj           #.....       100%        2    ###....


Dungeon Overview and Level Annotations

Branches:
Dungeon (9/15)             Temple (0/1) D:7             Orc (0/2) D:9
   Lair: D:8-11

Altars:
Gozag
Kikubaaqudgha
Okawaru
Ru
Sif Muna
Trog
Wu Jian
Yredelemnul
Zin
The Shining One

Shops:
D:4 :   D:6 (


Innate Abilities, Weirdness & Mutations

You are partially covered in rugged brown scales. (AC +1, +3% HP)
You are significantly more attuned to the shadows.
You are completely covered in sharp spines.
You have a beak for a mouth.
You have large cloven feet.
Your magical capacity is low. (-10% MP)


Message History

You closely miss the orc warrior.
The orc warrior is almost dead.
The orc warrior hits you with a halberd.
Unknown command.
You closely miss the orc warrior. Your kick misses the orc warrior.
The orc warrior is almost dead.
The orc warrior hits you with a halberd.
Unknown command.
Your plate armour prevents you from hitting the orc warrior.
You kick the orc warrior, but do no damage.
The orc warrior is almost dead.
The orc warrior hits you with a halberd!
* * * LOW HITPOINT WARNING * * *
You barely miss the orc warrior.
You peck the orc warrior, but do no damage.
The orc warrior is almost dead.
The orc warrior hits you with a halberd!
* * * LOW HITPOINT WARNING * * *
The orc warrior hits you from afar with a halberd!
You die...

...##.#####.#.#...#.#
...##.#.....#.#.###.#
...##.#....#)...#...#
...##.#....+....#(###
#.##...#...##'#####
#....#)..'.(....#
#....#...#)()...#
#####.(....#
####@)...##
#.o...8....
#..........
.............
...8....>....
##..........
.#........


You could see an orc warrior.

Vanquished Creatures
  Harold (D:7)
  A two-headed ogre (D:9)
  Pikel (D:8)
  3 hippogriffs
  Eustachio (D:5)
  2 orc warriors
  3 sky beasts
  2 ice beasts
  7 ogres
  2 centaurs
  3 big kobolds
  2 gnoll sergeants (D:8)
  A bullfrog (D:8)
  A water moccasin skeleton (D:5)
  3 scorpions
  3 howler monkeys (D:8)
  A wight (D:8)
  6 electric eels (D:7)
  2 centaur zombies
  3 crimson imps
  A quasit (D:7)
  2 bullfrog zombies
  3 jellies
  8 hounds
  3 orc priests
  3 orc wizards
  2 bullfrog skeletons
  Ijyb (D:5)
  4 iguanas
  3 worker ants
  A hound zombie (D:6)
  A howler monkey zombie (D:5)
  16 gnolls
  3 adders
  3 river rats
  A shadow imp (D:5)
  4 oozes
  3 adder skeletons
  4 worms
  A dart slug (D:1)
  3 leopard geckos
  28 orcs
  2 ball pythons
  3 giant cockroaches
  8 goblins
  3 hobgoblins (D:1)
  7 jackals
  4 quokkas
  7 bats
  5 frilled lizards
  A jackal skeleton (D:4)
  12 kobolds
  A leopard gecko zombie (D:8)
  12 rats
211 creatures vanquished.

Vanquished Creatures (others)
  2 slaves (D:8)
  An orc wizard (D:8)
  An orc (D:8)
4 creatures vanquished.

Grand Total: 215 creatures vanquished

Notes
Turn   | Place    | Note
-------+----------+-------------------------------------------
     0 | Abyss:1  | tyranidshit the Demonspawn Abyssal Knight began the quest for the Orb.
     0 | Abyss:1  | Reached XP level 1. HP: 18/18 MP: 2/2
    39 | Abyss:1  | Noticed a large abomination
    42 | D:1      | Escaped the Abyss
    86 | D:1      | Reached * piety under Lugonu
   282 | D:1      | Gained mutation: You are partially covered in sharp spines. [demonic ancestry]
   282 | D:1      | Reached XP level 2. HP: 12/24 MP: 3/3
   549 | D:1      | Gained mutation: You are slightly more attuned to the shadows. [demonic ancestry]
   549 | D:1      | Reached XP level 3. HP: 30/30 MP: 4/4
   971 | D:2      | HP: 1/31 [poisoned by a worker ant]
  1402 | D:2      | Found a bloodstained altar of Trog.
  1611 | D:3      | Found a transporter.
  1611 | D:3      | Found a sacrificial altar of Ru.
  1611 | D:3      | Noticed a big kobold
  1617 | D:3      | Gained mutation: You are mostly covered in sharp spines. [demonic ancestry]
  1617 | D:3      | Reached XP level 4. HP: 33/38 MP: 5/5
  1618 | D:3      | Found a transporter.
  1652 | D:3      | Reached skill level 5 in Fighting
  1756 | D:3      | Found a glowing drain.
  1760 | D:3      | Noticed an ice beast
  1779 | D:3      | Killed an ice beast
  1779 | D:3      | Reached XP level 5. HP: 8/46 MP: 1/6
  1797 | Sewer    | Entered a sewer
  1800 | Sewer    | Reached ** piety under Lugonu
  2030 | Sewer    | Reached XP level 6. HP: 43/52 MP: 5/7
  2095 | Sewer    | Found a glowing silver altar of Zin.
  2257 | D:3      | Found a glowing golden altar of the Shining One.
  2408 | D:3      | Found an iron altar of Okawaru.
  2758 | D:3      | Got an ancient brass ring
  2781 | D:3      | Identified the ring "Atyhec" {rPois Str-4 Dex+2 Slay+3 SInv} (You found it on level 3 of the Dungeon)
  2783 | D:3      | Gained mutation: Your magical capacity is low. (-10% MP) [potion of mutation]
  2783 | D:3      | Gained mutation: You have large cloven feet. [potion of mutation]
  2783 | D:3      | Gained mutation: You have a beak for a mouth. [potion of mutation]
  2885 | D:4      | Found an opulent altar of Gozag.
  2992 | D:4      | Found Xoboc's Book Emporium.
  3135 | D:4      | Reached *** piety under Lugonu
  3404 | D:5      | Entered Level 5 of the Dungeon
  3410 | D:5      | Gained mutation: You are significantly more attuned to the shadows. [demonic ancestry]
  3410 | D:5      | Reached XP level 7. HP: 57/58 MP: 7/7
  3432 | D:5      | Noticed Eustachio
  3449 | D:5      | Killed Eustachio
  3449 | D:5      | Reached skill level 5 in Armour
  3449 | D:5      | Noticed Ijyb
  3457 | D:5      | Killed Ijyb
  3564 | D:5      | Reached skill level 1 in Evocations
  3768 | D:5      | Gained mutation: You are partially covered in rugged brown scales. (AC +1, +3% HP) [demonic ancestry]
  3768 | D:5      | Reached XP level 8. HP: 45/65 MP: 10/10
  3771 | D:5      | Reached skill level 5 in Invocations
  4064 | D:5      | Found an ornate altar of the Wu Jian Council.
  4386 | D:6      | Found Loususae's Weapon Shoppe.
  4501 | D:6      | Reached skill level 5 in Evocations
  5044 | D:6      | Found an ancient bone altar of Kikubaaqudgha.
  5056 | D:6      | Reached **** piety under Lugonu
  5056 | D:6      | Reached XP level 9. HP: 71/71 MP: 13/13
  5173 | D:6      | Found a deep blue altar of Sif Muna.
  5355 | D:7      | Noticed Harold
  5362 | D:7      | Killed Harold
  5362 | D:7      | Reached skill level 10 in Invocations
  5403 | D:7      | Found a basalt altar of Yredelemnul.
  5425 | D:7      | Found a staircase to the Ecumenical Temple.
  5881 | D:7      | Got a ripped robe
  5882 | D:7      | Identified the +2 robe of Brilliance {rElec rF+} (You found it on level 7 of the Dungeon)
  5890 | D:7      | Found a glowing silver altar of Zin.
  6572 | D:8      | Gained mutation: You are completely covered in sharp spines. [demonic ancestry]
  6572 | D:8      | Reached XP level 10. HP: 36/82 MP: 6/15
  6650 | D:8      | Noticed Pikel
  6654 | D:8      | Killed Pikel
  6654 | D:8      | Reached ***** piety under Lugonu
  7326 | D:9      | Noticed a two-headed ogre
  7329 | D:9      | Killed a two-headed ogre
  7329 | D:9      | Reached skill level 10 in Fighting
  7422 | D:9      | Found a staircase to the Orcish Mines.
  7438 | D:9      | Slain by an orc warrior

Skill      XL: |  1  2  3  4  5  6  7  8  9 10 |
---------------+-------------------------------+-----
Fighting       | 4 6 8 10 | 10.6
Armour         | 3 4 5 |  5.7
Invocations    | 4 8 10 | 10.1
Evocations     | 3 5 7 |  7.4
Axes           | 2 |  2.7
Dodging        | |  0.8

Action                   |  1- 3 |  4- 6 |  7- 9 | 10-12 || total
-------------------------+-------+-------+-------+-------++-------
Melee: Hand axe          |    70 |    95 |   205 |    62 ||   432
       Kick              |       |     7 |    56 |    23 ||    86
       Peck              |       |     5 |    39 |    14 ||    58
Invok: Depart the Abyss  |     1 |       |       |       ||     1
Evoke: Wand              |       |     2 |    19 |     6 ||    27
  Use: Scroll            |     2 |     7 |     6 |     1 ||    16
       Potion            |     1 |     7 |     4 |       ||    12
 Stab: Sleeping          |     3 |     2 |       |       ||     5
  Eat: Ration            |     1 |     2 |     3 |       ||     6
       Chunk             |       |       |       |     1 ||     1
Armor: Leather armour    |    22 |       |       |       ||    22
       Ring mail         |     5 |    21 |       |       ||    26
       Chain mail        |       |    31 |    58 |       ||    89
       Plate armour      |       |       |   102 |    43 ||   145
Dodge: Dodged            |    62 |    43 |    52 |    17 ||   174
